 Dungeon Crawl Stone Soup version 0.26-a0-491-g70697cc071 (webtiles) character file.

Game seed: 1640869989129503167

352 BeastOfSaturn the Slasher (level 6, -2/47 HPs)
             Began as a Demonspawn Warper on Aug 5, 2020.
             Was an Initiate of Dithmenos.
             Slain by an ogre
             ... wielding a +0 giant club
              (19 damage)
             ... on level 5 of the Dungeon.
             The game lasted 00:09:08 (6379 turns).

BeastOfSaturn the Slasher (Demonspawn Warper)       Turns: 6379, Time: 00:09:09

Health: -2/47      AC:  6    Str: 13    XL:     6   Next: 35%
Magic:  9/9        EV: 13    Int: 14    God:    Dithmenos [......]
Gold:   105        SH:  0    Dex: 13    Spells: 3/9 levels left

rFire    . . .     SeeInvis .   a - +0 falchion
rCold    + . .     Faith    .   (no shield)
rNeg     . . .     Spirit   .   b - +0 leather armour
rPois    .         Reflect  .   (helmet restricted)
rElec    .         Harm     .   (no cloak)
rCorr    .                      (no gloves)
MR       .....                  c - +0 pair of boots
Stlth    +.........             m - amulet of magic regeneration
HPRegen  0.15/turn              k - ring of protection from cold
MPRegen  0.36/turn              (no ring)

@: no status effects
A: antennae 2, icy blue scales 1
a: Renounce Religion


You were on level 5 of the Dungeon.
You worshipped Dithmenos.
Dithmenos was noncommittal.
You visited 1 branch of the dungeon, and saw 5 of its levels.

You collected 105 gold pieces.

Inventory:

Hand Weapons
 a - a +0 falchion (weapon)
Missiles
 e - 5 boomerangs of dispersal (quivered)
Armour
 b - a +0 leather armour (worn)
 c - a +0 pair of boots (worn)
Jewellery
 j - an uncursed ring of protection from cold
 k - a ring of protection from cold (left hand)
 m - an amulet of magic regeneration (around neck)
Wands
 n - a wand of paralysis (8)
Scrolls
 d - a scroll of blinking
 i - a scroll of remove curse
Potions
 f - a potion of haste
 g - a potion of flight {unknown}
 h - a potion of stabbing {unknown}
 l - 2 potions of curing
 o - a potion of heal wounds {unknown}
 p - a potion of lignification {unknown}
 q - a potion of ambrosia {unknown}


   Skills:
 * Level 3.6 Fighting
 * Level 4.7 Long Blades
 - Level 0.8 Throwing
 - Level 0.8 Armour
 * Level 3.2 Dodging
 - Level 2.0 Spellcasting
 * Level 0.1 Conjurations
 * Level 2.7 Translocations


You had 3 spell levels left.
You knew the following spells:

 Your Spells              Type           Power        Failure   Level
a - Blink                 Tloc           N/A          16%         2
b - Iskenderun's Mystic   Conj/Tloc      #.......     86%         4

Your spell library contained the following spells:

 Spells                   Type           Power        Failure   Level
 Magic Dart               Conj           #...         28%         1
 Gell's Gravitas          Tloc           #.........   30%         3
 Lesser Beckoning         Tloc           #.........   30%         3
 Teleport Other           Tloc           #.......     30%         3
 Searing Ray              Conj           #.....       38%         2
 Confusing Touch          Hex            #.......     65%         3
 Dazzling Flash           Conj/Hex       #.....       65%         3
 Passage of Golubria      Tloc           N/A          69%         4
 Fulminant Prism          Conj/Hex       #.........   96%         4
 Petrify                  Tmut/Erth      #.......     96%         4
 Metabolic Englaciation   Hex/Ice        #.........   100%        5
 Yara's Violent Unravell  Hex/Tmut       #.........   100%        5


Dungeon Overview and Level Annotations

Branches:
Dungeon (5/15)
 Temple: D:4-7

Altars:
Cheibriados
Dithmenos
Nemelex Xobeh
Okawaru
Qazlal
Trog
Vehumet
Wu Jian

Annotations:
D:2 Sigmund


Innate Abilities, Weirdness & Mutations

You have a pair of antennae on your head.
You are partially covered in icy blue scales. (AC +2)


Message History

You feel a bit more experienced.
You hit the ogre but do no damage. The ogre hits you but does no damage.
You barely miss the ogre. The ogre hits you with a +0 giant club!
* * * LOW HITPOINT WARNING * * *
You hit the ogre.
The ogre is lightly wounded.
The ogre misses you.
You hit the ogre but do no damage.
The ogre is lightly wounded.
The ogre closely misses you. The ogre barely misses you.
You barely miss the ogre. The ogre barely misses you.
You riposte.
You barely miss the ogre. You hit the ogre.
The ogre is lightly wounded.
The ogre hits you but does no damage.
You barely miss the ogre.
The ogre is lightly wounded.
The ogre hits you with a +0 giant club!!
You die...

##########################
#..<..........#...........
#........@O...............
##.....##.##'#######......
####......##.#))).....#[.....
##..#......##.#........#)##.##
#..........##.#........#.#####
#...........#.#........#$.....
###'##......#.#........#......
##..##.....##.#........#......
#>.........##.#........#......


You could see an ogre.

Vanquished Creatures
  An ogre (D:4)
  An orc priest (D:4)
  3 orc wizards
  5 adders
  2 oozes
  2 dart slugs
  13 orcs
  10 bats
  5 giant cockroaches
  6 goblins
  9 hobgoblins
  12 kobolds
  A quokka (D:4)
  A ball python (D:2)
  9 frilled lizards
  10 rats
90 creatures vanquished.

Notes
Turn   | Place    | Note
-------+----------+-------------------------------------------
     0 | D:1      | BeastOfSaturn the Demonspawn Warper began the quest for the
                  | Orb.
     0 | D:1      | Reached XP level 1. HP: 16/16 MP: 3/3
   136 | D:1      | Reached skill level 2 in Long Blades
   176 | D:1      | Gained mutation: You have a pair of small antennae on your
                  | head. [demonic ancestry]
   176 | D:1      | Reached XP level 2. HP: 20/22 MP: 5/5
   878 | D:1      | Reached XP level 3. HP: 26/28 MP: 6/6
  1562 | D:2      | Noticed Sigmund
  1620 | D:1      | Gained mutation: You have a pair of antennae on your head.
                  | [demonic ancestry]
  1620 | D:1      | Reached XP level 4. HP: 6/34 MP: 7/7
  1874 | D:2      | Reached skill level 3 in Long Blades
  2036 | D:2      | Learned a level 2 spell: Blink
  2040 | D:2      | Noticed a moth of wrath
  2043 | D:2      | Found a bloodstained altar of Trog.
  2065 | D:2      | HP: 1/34 [worm (5)]
  2409 | D:3      | Found a stormy altar of Qazlal.
  2481 | D:3      | Found a shadowy altar of Dithmenos.
  3506 | D:3      | Found a radiant altar of Vehumet.
  3805 | D:3      | Gained mutation: You are partially covered in icy blue
                  | scales. (AC +2) [demonic ancestry]
  3805 | D:3      | Reached XP level 5. HP: 38/41 MP: 8/8
  4313 | D:3      | Became a worshipper of Dithmenos the Shadowed
  4338 | D:4      | Found an iron altar of Okawaru.
  4341 | D:4      | Found a snail-covered altar of Cheibriados.
  4648 | D:4      | Noticed an ogre
  4659 | D:4      | Killed an ogre
  4659 | D:4      | Reached skill level 4 in Long Blades
  5219 | D:4      | Reached XP level 6. HP: 34/47 MP: 9/9
  5591 | D:4      | Found a sparkling altar of Nemelex Xobeh.
  6022 | D:5      | Entered Level 5 of the Dungeon
  6075 | D:5      | Learned a level 4 spell: Iskenderun's Mystic Blast
  6098 | D:5      | Found an ornate altar of the Wu Jian Council.
  6212 | D:5      | Paralysed by an orc for 7 turns
  6379 | D:5      | Slain by an ogre

Illustrated notes

Levels and vault maps discovered:
D:1:      enne_arrival_octagon_isle, layout_basic
D:2:      layout_rooms, tgw_trog, chequers_ecumenical_altar_simple_redux,
          grunt_ministairs_5, uniq_sigmund
D:3:      layout_basic, grunt_qazlal_clouds,
          nicolae_dithmenos_through_a_glass_darkly, vehumet_crystals,
          chequers_serial_rivers_room_b
D:4:      layout_basic, kennysheep_mini_moat, grunt_temple_overflow_open
D:5:      layout_gridville, lemuel_doored_altar, minivault_25, uniq_edmund,
          uniq_pikel, uniq_eustachio

Skill      XL: |  1  2  3  4  5 |
---------------+----------------+-----
Long Blades    | 2 3 4 |  4.7
Dodging        | 2 3 |  3.2
Fighting       | 3 |  3.6
Throwing       | |  0.8
Armour         | |  0.8
Spellcasting   | |  2.0
Conjurations   | |  0.1
Translocations | |  2.7

Action                   |  1- 3 |  4- 6 || total
-------------------------+-------+-------++-------
Melee: Falchion          |   136 |   218 ||   354
  Use: Scroll            |       |     5 ||     5
       Potion            |       |     1 ||     1
Armor: Leather armour    |    50 |    57 ||   107
Dodge: Dodged            |   124 |   124 ||   248
       Rpst.: Falchion   |    34 |    46 ||    80

Table legend: (Time is in decaauts)
 A = Elapsed time spent in this place.
 B = Non-inter-level travel time spent in this place.
 C = Inter-level travel time spent in this place.
 D = Time resting spent in this place.
 E = Time spent auto-exploring this place.
 F = Levels seen in this place.
 G = Mean time per level.
                   A        B        C        D        E       F      G
               +--------+--------+--------+--------+--------+-----+--------+
         Total |   6430 |   6284 |    146 |   2157 |   3209 |   5 | 1286.0 |
       Dungeon |   6430 |   6284 |    146 |   2157 |   3209 |   5 | 1286.0 |
               +--------+--------+--------+--------+--------+-----+--------+

Top non-repeatable levels by time:
     D:3: 1944 daAuts
     D:1: 1800 daAuts
     D:4: 1693 daAuts
     D:2: 631 daAuts
     D:5: 359 daAuts
